AoeStats
← VENON | Sigfridinho

Migration

507594212Analyzed
1v1 RM · 14d ago on Sep 18, 2026· 25m 16s· 2 players
Game mode
Random Map
Map size
132×132
Population
200
Speed
Normal
Resources
Standard
Victory
Conquest
Starting age
Dark Age
Ending age
Imperial Age
RankedLock teamsTeams togetherTeam positionsShared explorationLock speedFull tech treeHidden civsTurbo modeCheats
Victory
Defeat
🇲🇽 Persians · Mexico
1355
+25
🇻🇪 Turks · Venezuela
1287
-13
VENON | Sigfridinho
10:04 Loom
11:49 Feudal Age
15:29 Castle Age
13:43 Fishing Lines
15:46 Double-Bit Axe
16:24 Medium Warships
17:09 Bow Saw
19:57 Forging
20:59 Town Watch
21:49 Wheelbarrow
21:17 Gillnets
21:37 Loom
24:20 Horse Collar
_DLAGON_
7:30 Loom
11:23 Feudal Age
13:18 Double-Bit Axe
15:47 Castle Age
13:33 Horse Collar
16:56 Medium Warships
16:35 Town Watch
17:35 Bow Saw
20:33 Fletching
22:40 Heavy Plow
Connection lost

Rejoining the realm…

Still unreachable

The connection could not be restored.

Session expired

The server has moved on; the page needs a fresh start.